 Dungeon Crawl Stone Soup version 0.30-a0-1043-g60ff8d5f49 (webtiles) character file.

Game seed: 10155420465772702960

3037 Darkkill the Skirmisher (level 9, -3/82 HPs)
             Began as a Minotaur Hunter on Apr 10, 2023.
             Was an Initiate of Gozag.
             Succumbed to a hornet's poison
             ... while paralysed by a hornet
             ... on level 8 of the Dungeon.
             The game lasted 00:09:14 (7519 turns).

Darkkill the Skirmisher (Minotaur Hunter)           Turns: 7519, Time: 00:09:14

Health: -3/82      AC:  3    Str: 22    XL:     9   Next: 56%
Magic:  8/8        EV:  2    Int: 10    God:    Gozag
Gold:   498        SH:  0    Dex: 18    Spells: 8/8 levels left

rFire   . . .      SeeInvis +    a - +1 shortbow
rCold   + + +      Faith    .    (shield currently unavailable)
rNeg    . . .      Spirit   .    p - +1 robe of the Hart {Drain rC+++ Int+4 Slay+3}
rPois   .          Reflect  .    (helmet restricted)
rElec   .          Rampage  .    (no cloak)
rCorr   .                        (no gloves)
Will    .....                    (no boots)
Stlth   ++++                     (no amulet)
HPRegen 0.33/turn                m - +6 ring of strength
MPRegen 0.11/turn                C - ring of see invisible

@: paralysed, lethally poisoned (-3 -> -19), slowed, studying Stealth
A: horns 2, retaliatory headbutt
a: Renounce Religion, Potion Petition, Call Merchant, Bribe Branch


You were on level 8 of the Dungeon.
You worshipped Gozag.
Gozag was aware of your devotion.
You visited 1 branch of the dungeon, and saw 8 of its levels.

You collected 881 gold pieces.
You spent 336 gold pieces at shops.
You paid 47 gold pieces to Gozag.

Inventory:

Hand Weapons
 a - a +1 shortbow (weapon)
 b - the +4 flail "Kotwy" {speed, Str+4 Dex+3 Stlth+}
   (You found it on level 5 of the Dungeon)

   Str:       It affects your strength (+4).
   Dex:       It affects your dexterity (+3).
   Stlth:     It makes you more stealthy.
 l - a +1 scythe
 D - the +7 sling of the Freezing Gods {heavy, rC+ rCorr Str+3 Int-3}
   (You found it on level 8 of the Dungeon)

   Str:       It affects your strength (+3).
   Int:       It affects your intelligence (-3).
   rC:        It protects you from cold.
   rCorr:     It protects you from acid and corrosion.
Missiles
 e - 56 stones
 i - 9 boomerangs
 s - a silver boomerang
 u - 2 poisoned darts
Armour
 p - the +1 robe of the Hart (worn) {Drain rC+++ Int+4 Slay+3}
   (You found it on level 3 of the Dungeon)

   Int:       It affects your intelligence (+4).
   Slay:      It affects your accuracy & damage with ranged weapons and melee
   (+3).
   rC:        It renders you almost immune to cold.
   Drain:     It drains your maximum health when unequipped.
 E - a +0 pair of boots
Jewellery
 m - a +6 ring of strength (left hand)
 C - a ring of see invisible (right hand)
Wands
 v - a wand of light (7)
 w - a wand of roots (4)
 x - a wand of charming (15)
 y - a wand of flame (23)
Scrolls
 c - a scroll of teleportation
 h - a scroll of enchant armour
 q - a scroll of immolation
 B - a scroll of magic mapping
 F - a scroll of blinking {unknown}
Potions
 d - a potion of flight
 f - 2 potions of heal wounds
 j - a potion of brilliance
 k - 3 potions of mutation
 n - 4 potions of cancellation
 o - a potion of magic {unknown}
 r - a potion of berserk rage {unknown}
 t - a potion of resistance {unknown}
 z - 2 potions of haste {unknown}
 A - a potion of lignification {unknown}


   Skills:
 + Level 8.4 Fighting
 + Level 8.6 Ranged Weapons
 + Level 7.6 Dodging
 + Level 8.4 Stealth


You had 8 spell levels left.
You didn't know any spells.
Your spell library contained the following spells:

 Spells                   Type           Power      Damage    Failure   Level
 Magic Dart               Conj           0%         1d3       36%         1
 Shock                    Conj/Air       0%         1d3       36%         1
 Searing Ray              Conj           0%         2d4       50%         2
 Stone Arrow              Conj/Erth      0%         3d7       75%         3
 Swiftness                Air            0%         N/A       75%         3
 Vhi's Electric Charge    Tloc/Air       0%         N/A       75%         3
 Airstrike                Air            0%         2d(0-16)  98%         4
 Animate Armour           Summ/Erth      0%         N/A       98%         4
 Fulminant Prism          Conj/Hex       0%         3d5       98%         4
 Arcjolt                  Conj/Air       0%         1d10      100%        5
 Blade Hands              Tmut           0%         N/A       100%        5
 Iron Shot                Conj/Erth      0%         9d1       100%        6
 Lehudib's Crystal Spear  Conj/Erth      0%         10d2      100%        8
 Maxwell's Capacitive Co  Air            0%         ∞         100%        8


Dungeon Overview and Level Annotations

Branches:
Dungeon (8/15)             Temple (0/1) D:7
   Lair: D:8-11

Altars:
Ashenzari
Elyvilon
Gozag
Okawaru
Qazlal
Ru
Vehumet
Xom
Zin
The Shining One

Shops:
D:6 *

Annotations:
D:5 1 runed translucent door, BlueFish's ghost, novice OpVM


Innate Abilities, Weirdness & Mutations

You have a pair of horns on your head.
You reflexively headbutt those who attack you in melee.


Message History

You headbutt the black bear. The black bear closely misses you.
The black bear barely misses you.
You shoot an arrow. The arrow hits the black bear!
The black bear is almost dead.
The black bear bites you. The black bear completely misses you.
The black bear barely misses you.
A black bear is nearby!
You shoot an arrow. The arrow hits the black bear!
You kill the black bear!
No target in view!
You now have 498 gold pieces (gained 9).
A hornet comes into view.
You shoot an arrow. The arrow hits the hornet.
The hornet is lightly wounded.
You shoot an arrow. The arrow hits the hornet!
The hornet is moderately wounded.
A hornet is nearby!
You shoot an arrow.
The arrow hits the hornet but does no damage.
The hornet is moderately wounded.
A hornet is nearby!
You shoot an arrow. The arrow hits the hornet.
The hornet is heavily wounded.
A hornet is nearby!
You shoot an arrow. The arrow hits the hornet.
The hornet is heavily wounded.
The hornet stings you!
You are poisoned.
You suddenly lose the ability to move!
The hornet stings you!
You are more poisoned.
You shrug off the repeated paralysis!
You can move again.
A hornet is nearby!
You shoot an arrow. The arrow misses the hornet.
You feel very sick. The hornet stings you.
You are more poisoned.
You feel yourself slow down. The hornet barely misses you.
You are too injured to fight recklessly!
You are too injured to fight recklessly!
You are too injured to fight recklessly!
You feel better.
The hornet stings you but does no damage.
The hornet misses you.
You shoot an arrow. The arrow closely misses the hornet.
You feel yourself speed up. The hornet misses you. The hornet stings you!
You feel yourself slow down.
You shoot an arrow. The arrow hits the hornet.
The hornet is heavily wounded.
You feel yourself speed up. The hornet stings you.
You are poisoned.
You feel yourself slow down. The hornet stings you!
You are more poisoned.
You feel as though you will be slow longer.
The hornet stings you.
You feel as though you will be slow longer.
You shoot an arrow. The arrow closely misses the hornet.
* * * LOW HITPOINT WARNING * * *
You feel extremely sick. The hornet stings you!
* * * LOW HITPOINT WARNING * * *
You are more poisoned.
You feel as though you will be slow longer.
The hornet barely misses you.
You feel much better.
You feel extremely sick. The hornet barely misses you. You furiously retaliate!
You headbutt the hornet. The hornet closely misses you.
You feel better. The hornet barely misses you. The hornet misses you.
The hornet completely misses you.
You shoot an arrow. The arrow hits the hornet.
The hornet is severely wounded.
The hornet barely misses you. The hornet stings you.
You are poisoned.
You feel as though you will be slow longer.
You shoot an arrow. The arrow closely misses the hornet.
You feel very sick. The hornet misses you. You furiously retaliate!
You headbutt the hornet! The hornet barely misses you.
You feel better. The hornet stings you!
* * * LOW HITPOINT WARNING * * *
You are poisoned.
You suddenly lose the ability to move!
The hornet stings you!
* * * LOW HITPOINT WARNING * * *
You feel as though you will be slow longer.
The hornet stings you.
* * * LOW HITPOINT WARNING * * *
You are more poisoned.
You feel as though you will be slow longer.
* * * LOW HITPOINT WARNING * * *
You feel very sick. The hornet stings you.
* * * LOW HITPOINT WARNING * * *
You feel as though you will be slow longer.
You die...
Your body crumbles into a pile of gold.

##..#....####..)...#...#
...####....#...))......#
##.. .......###....#..#
..## .........#.>..# #
#.... ...#.#........#
..... ....#...#.....#
..... .###...###.....#
.>.>. ##.....##.....#
..... #.8...8@#.#..##
..... .........y.##.##
..... ......⌠....# .
....# #..........# #
.... ###.8...8.#. .....
##.....##.. ..)..
##...## ... ... . ....
... ...


You could see a hornet.

Vanquished Creatures
  Grinder (D:4)
  Sigmund (D:4)
  A wraith (D:8)
  A steam dragon (D:8)
  Edmund (D:5)
  A water moccasin (D:8)
  Duvessa (D:7)
  2 ice beasts
  A black bear (D:8)
  An orc warrior (D:8)
  4 sky beasts
  An ogre (D:5)
  3 centaurs
  A scorpion (D:6)
  4 wights (D:8)
  Dowan (D:7)
  2 howler monkeys (D:7)
  An orc priest (D:7)
  3 jellies
  2 iguanas
  A sleepcap (D:5)
  Natasha (thrice) (D:4)
  3 orc wizards (D:7)
  6 adders
  12 gnolls
  A shadow imp (D:5)
  A worm (D:2)
  5 dart slugs
  13 orcs
  6 ball pythons
  8 bats
  12 endoplasms
  5 giant cockroaches
  6 goblins
  10 hobgoblins
  2 jackals (D:4)
  4 quokkas
  7 frilled lizards
  4 kobolds
  5 rats
147 creatures vanquished.

Vanquished Creatures (others)
  An orc (D:7)
1 creature vanquished.

Grand Total: 148 creatures vanquished

Notes
Turn   | Place    | Note
-------+----------+-------------------------------------------
     0 | D:1      | Darkkill the Minotaur Hunter began the quest for the Orb.
     0 | D:1      | Reached XP level 1. HP: 18/18 MP: 0/0
    59 | D:1      | Reached skill level 1 in Stealth
   111 | D:1      | Reached XP level 2. HP: 25/25 MP: 1/1
   720 | D:1      | Reached XP level 3. HP: 31/31 MP: 2/2
   966 | D:2      | HP: 3/31 [gnoll/+0 spear (4)]
  1113 | D:2      | Reached XP level 4. HP: 38/38 MP: 3/3
  1735 | D:2      | Reached skill level 5 in Ranged Weapons
  2090 | D:3      | Identified the +6 dagger of the Land of Plenty {drain, rF-
                  | Str+5}
  2105 | D:3      | Identified the +1 robe of the Hart {Drain rC+++ Int+4
                  | Slay+3}
  2155 | D:3      | Reached XP level 5. HP: 46/46 MP: 4/4
  2619 | D:4      | Noticed Grinder
  2621 | D:4      | Paralysed by Grinder for 3 turns
  2633 | D:4      | HP: 8/46 [Grinder/nerve-wracking pain (2)]
  2633 | D:4      | HP: 3/46 [Grinder (5)]
  2633 | D:4      | HP: 1/46 [Grinder (2)]
  2634 | D:4      | Killed Grinder
  2635 | D:4      | Reached XP level 6. HP: 1/53 MP: 5/5
  2982 | D:4      | Found a large runed translucent door.
  2983 | D:4      | Found a large runed translucent door.
  3203 | D:4      | Noticed Sigmund
  3207 | D:4      | Killed Sigmund
  3208 | D:4      | Reached skill level 5 in Fighting
  3208 | D:4      | Reached XP level 7. HP: 47/61 MP: 6/6
  3451 | D:4      | Noticed Natasha
  3468 | D:4      | Killed Natasha
  3558 | D:4      | Noticed Natasha
  3566 | D:4      | Killed Natasha
  3630 | D:4      | Found a broken altar of Ashenzari.
  3644 | D:4      | Found an opulent altar of Gozag.
  3653 | D:4      | Became a worshipper of Gozag Ym Sagoz the Greedy
  3673 | D:4      | Noticed Natasha
  3678 | D:4      | Killed Natasha
  3692 | D:5      | Entered Level 5 of the Dungeon
  3736 | D:5      | Reached skill level 5 in Dodging
  3862 | D:5      | Identified the +4 flail "Kotwy" {speed, Str+4 Dex+3 Stlth+}
  4066 | D:5      | Reached skill level 5 in Stealth
  4120 | D:5      | Noticed Edmund
  4126 | D:5      | Killed Edmund
  4243 | D:5      | Reached XP level 8. HP: 65/70 MP: 7/7
  4296 | D:5      | Noticed BlueFish's ghost (novice OpVM)
  4299 | D:5      | Found a runed translucent door.
  4347 | D:5      | Found a stormy altar of Qazlal.
  4347 | D:5      | Found an iron altar of Okawaru.
  4832 | D:6      | Found a glowing golden altar of the Shining One.
  4832 | D:6      | Found a glowing silver altar of Zin.
  4832 | D:6      | Found a white marble altar of Elyvilon.
  4858 | D:6      | Found a shimmering altar of Xom.
  4861 | D:6      | Identified the +1 ring mail of Duty {rC+ rN+}
  4919 | D:6      | Found Koonyhadoj's Assorted Antiques.
  4958 | D:6      | Bought a scroll labelled REALAU HU NAE for 24 gold pieces
  4958 | D:6      | Bought a short iron wand for 96 gold pieces
  4958 | D:6      | Bought a potion of heal wounds for 120 gold pieces
  4958 | D:6      | Bought a blackened brass wand for 96 gold pieces
  6041 | D:7      | Found a staircase to the Ecumenical Temple.
  6162 | D:7      | HP: 14/73 [something/puff of flame (9)]
  6712 | D:7      | Found a sacrificial altar of Ru.
  6712 | D:7      | Found a radiant altar of Vehumet.
  6791 | D:7      | Noticed Dowan
  6791 | D:7      | Noticed Duvessa
  6799 | D:7      | Killed Duvessa
  6800 | D:7      | Reached XP level 9. HP: 71/79 MP: 8/8
  6804 | D:7      | Killed Dowan
  7080 | D:8      | Identified the +7 sling of the Freezing Gods {heavy, rC+
                  | rCorr Str+3 Int-3}
  7507 | D:8      | Paralysed by a hornet for 1 turns
  7512 | D:8      | HP: 13/82 [hornet (8)]
  7517 | D:8      | Paralysed by a hornet for 3 turns
  7517 | D:8      | HP: 10/82 [hornet (8)]
  7518 | D:8      | HP: 2/82 [poisoned by a hornet]
  7519 | D:8      | Succumbed to a hornet's poison

Illustrated notes

Levels and vault maps discovered:
D:1:      saegor_arrival_simple_e, layout_basic
D:2:      layout_loops_cross, dreamdust_princess_corridor,
          kennysheep_generic_room_10
D:3:      layout_basic
D:4:      layout_basic, jmf_multi_god_temple2, gup_sewer_entry_glass,
          uniq_grinder, uniq_sigmund, uniq_natasha
D:5:      layout_basic, amethyst_overflow_temple_binary,
          hellmonk_ghost_happy_afterlife, uniq_edmund
D:6:      layout_basic, good_gods_mini_temple, mainiacjoe_overflow_paths,
          serial_shops, nicolae_shop_overgrown_old_shop, kennysheep_small_spiral
D:7:      layout_basic, gammafunk_temple_overflow_statue,
          minmay_temple_entry_hall, hex_large, uniq_duvessa
D:8:      layout_cave_pools, wad_floor_pattern_untrapped

Skill      XL: |  1  2  3  4  5  6  7  8  9 |
---------------+----------------------------+-----
Stealth        | 1 2 3 4 5 7 8 |  8.4
Fighting       | 3 4 5 6 7 8 |  8.4
Dodging        | 3 4 5 6 7 |  7.6
Ranged Weapons | 5 6 7 8 |  8.6

Action                     |  1- 3 |  4- 6 |  7- 9 || total
---------------------------+-------+-------+-------++-------
  Melee: Shortbow          |       |       |     6 ||     6
         Headbutt          |       |       |     2 ||     2
   Fire: Shortbow          |    87 |   124 |   275 ||   486
    Use: Scroll            |     3 |     9 |     4 ||    16
         Potion            |     2 |     1 |     7 ||    10
 Armour: Leather armour    |     5 |     3 |       ||     8
         Robe              |       |       |    25 ||    25
  Dodge: Dodged            |    27 |    32 |   109 ||   168

Table legend: (Time is in decaauts)
 A = Elapsed time spent in this place.
 B = Non-inter-level travel time spent in this place.
 C = Inter-level travel time spent in this place.
 D = Time resting spent in this place.
 E = Time spent auto-exploring this place.
 F = Levels seen in this place.
 G = Mean time per level.
                   A        B        C        D        E       F      G
               +--------+--------+--------+--------+--------+-----+--------+
         Total |   7645 |   7486 |    159 |      0 |   6400 |   8 |  955.6 |
       Dungeon |   7645 |   7486 |    159 |      0 |   6400 |   8 |  955.6 |
               +--------+--------+--------+--------+--------+-----+--------+

Top non-repeatable levels by time:
     D:7: 1380 daAuts
     D:4: 1113 daAuts
     D:5: 1106 daAuts
     D:2: 955 daAuts
     D:1: 903 daAuts
     D:6: 790 daAuts
     D:3: 790 daAuts
     D:8: 605 daAuts

Table legend:
 A = Kills in this place as a percentage of kills in the entire game.
 B = Kills by you in this place as a percentage of kills by you in the entire game.
 C = Kills by friends in this place as a percentage of kills by friends in the entire game.
 D = Other kills in this place as a percentage of other kills in the entire game.
 E = Experience gained in this place as a percentage of experience gained in the entire game.
 F = Experience gained in this place divided by the number of levels of this place that you have seen.
                   A       B       C       D       E      F
               +-------+-------+-------+-------+-------+----------------------
         Total | 100.0 | 100.0 |   N/A |   N/A | 100.0 | 542.4
       Dungeon | 100.0 | 100.0 |   N/A |   N/A | 100.0 | 542.4
               +-------+-------+-------+-------+-------+----------------------
